 Dungeon Crawl Stone Soup version 0.29-a0-221-gceb61267dd (webtiles) character file.

Game seed: 7315199750757898099

2835 benadryl the Archer (level 9, -1/55 HPs)
             Began as a Deep Elf Hunter on Feb 26, 2022.
             Was a Priest of Jiyva.
             Killed from afar by a steam dragon (16 damage)
             ... with a ball of steam
             ... on level 7 of the Dungeon.
             The game lasted 00:12:19 (4861 turns).

benadryl the Archer (Deep Elf Hunter)               Turns: 4861, Time: 00:12:20

Health: -1/55      AC: 22    Str: 19    XL:     9   Next: 45%
Magic:  11/11      EV:  6    Int: 17    God:    Jiyva [***...]
Gold:   113        SH:  0    Dex: 15    Spells: 8/8 levels left

rFire   . . .      SeeInvis .   b - +2 dagger (venom)
rCold   . . .      Faith    .   (no shield)
rNeg    . . .      Spirit   .   o - +0 plate armour
rPois   +          Reflect  .   (no helmet)
rElec   .          Harm     .   (no cloak)
rCorr   +          Rampage  .   j - +1 pair of gloves
Will    .....                   m - +1 pair of boots
Stlth   ..........              (no amulet)
HPRegen 1.30/turn               c - ring of poison resistance
MPRegen 0.47/turn               s - +6 ring of strength

@: no status effects
A: iridescent scales 3, jelly sensing items
a: Renounce Religion, Oozemancy


You were on level 7 of the Dungeon.
You worshipped Jiyva.
Jiyva was most pleased with you.
You visited 1 branch of the dungeon, and saw 7 of its levels.

You collected 113 gold pieces.

Inventory:

Hand Weapons
 a - a +1 shortbow
 b - a +2 dagger of venom (weapon)
 l - a +0 whip of freezing
Armour
 j - a +1 pair of gloves (worn)
 m - a +1 pair of boots (worn)
 o - a +0 plate armour (worn)
Jewellery
 c - a ring of poison resistance (left hand)
 s - a +6 ring of strength (right hand)
Wands
 p - a wand of iceblast (8)
 r - a wand of flame (2)
Scrolls
 h - 2 scrolls of teleportation
 i - a scroll of magic mapping
Potions
 d - a potion of haste
 e - 4 potions of curing {@q1}
 g - a potion of berserk rage
 k - a potion of lignification
 n - a potion of ambrosia
 q - a potion of attraction


   Skills:
 + Level 5.7 Fighting
 * Level 13.1 Bows
 + Level 5.1 Armour
 - Level 2.4 Dodging
 - Level 1.2 Stealth


You had 8 spell levels left.
You didn't know any spells.
Your spell library contained the following spells:

 Spells                   Type           Power      Damage    Failure   Level
 Foxfire                  Conj/Fire      0%         2x1d4     100%        1
 Conjure Flame            Conj/Fire      0%         6-21      100%        3
 Dazzling Flash           Conj/Hex       0%         N/A       100%        3
 Inner Flame              Hex/Fire       0%         N/A       100%        3
 Tukima's Dance           Hex            0%         N/A       100%        3
 Flame Wave               Conj/Fire      0%         2d4       100%        4
 Passage of Golubria      Tloc           0%         N/A       100%        4
 Agony                    Necr           0%         N/A       100%        5
 Silence                  Hex/Air        0%         N/A       100%        5
 Yara's Violent Unravell  Hex/Tmut       0%         3d3       100%        5


Dungeon Overview and Level Annotations

Branches:
Dungeon (7/15)
 Temple: D:4-7

Altars:
Kikubaaqudgha
Jiyva

Shops:
D:3 [


Innate Abilities, Weirdness & Mutations

You are completely covered in iridescent scales. (AC +6)
You have a small jelly attached to you that senses nearby items.


Message History

You are too injured to fight recklessly!
You are too injured to fight recklessly!
Your +2 dagger of venom begins to drip with poison!
b - a +2 dagger of venom (weapon)
You are engulfed in a cloud of scalding steam.
The steam dragon bites you but does no damage.
The steam dragon claws you.
You hit the steam dragon.
The steam dragon is poisoned.
The steam dragon is heavily wounded.
You are engulfed in a cloud of scalding steam.
The steam dragon breathes steam at you. The ball of steam hits you!!
* * * LOW HITPOINT WARNING * * *
You hear a shout! x2
You feel better.
The steam dragon bites you but does no damage.
The steam dragon claws you but does no damage.
You hit the steam dragon but do no damage.
The steam dragon looks even sicker.
The steam dragon is severely wounded.
The steam dragon bites you but does no damage.
The steam dragon claws you but does no damage.
You hit the steam dragon.
The steam dragon looks as sick as possible!
The steam dragon is severely wounded.
The steam dragon bites you but does no damage.
The steam dragon claws you but does no damage.
You hit the steam dragon.
The steam dragon looks as sick as possible!
The steam dragon is severely wounded.
A gnoll comes into view. It is wielding a +0 flail.
The steam dragon bites you.
* * * LOW HITPOINT WARNING * * *
The steam dragon barely misses you.
You hit the steam dragon.
The steam dragon looks as sick as possible!
The steam dragon is almost dead.
The steam dragon breathes steam at you. The ball of steam hits you!
You die...

..#
###......#
##.###.#
##.## .#
##.## #..#
#..##
#.#.##
#.##.###.#
#.###@...#
∆>.#
##D#.# ###
.# .# ∆ ..
.. g## .#


You could see a steam dragon (extremely poisoned, catching breath) and a gnoll.

Vanquished Creatures
  6 yaks (D:5)
  2 orc warriors (D:6)
  An ice beast (D:6)
  A necrophage (D:5)
  2 sky beasts
  2 ogres
  2 centaurs (D:5)
  A phantom (D:5)
  A kobold brigand (D:5)
  Blork the orc (D:6)
  A bullfrog (D:4)
  4 scorpions
  A howler monkey (D:6)
  4 orc priests
  2 hounds
  Ijyb (D:3)
  3 orc wizards
  4 iguanas
  Robin (D:3)
  6 adders
  2 shadow imps
  2 white imps (D:6)
  4 dart slugs
  16 orcs
  A giant cockroach (D:1)
  9 goblins
  11 hobgoblins
  A quokka (D:2)
  9 ball pythons
  4 bats
  2 frilled lizards (D:1)
  6 kobolds
113 creatures vanquished.

Vanquished Creatures (others)
  A hound (D:3)
  4 jellies
  An adder (D:6)
  A dart slug (D:3)
  2 worms
  4 orcs
  A bat (D:1)
  An endoplasm (D:4)
  4 goblins (D:3)
  3 hobgoblins (D:3)
  3 jackals (D:4)
  3 kobolds
  A quokka (D:3)
  A ball python (D:4)
  A rat (D:3)
  11 demonic plants (D:1)
  11 fungi (D:1)
  3 plants (D:1)
  5 withered plants (D:1)
61 creatures vanquished.

Grand Total: 174 creatures vanquished

Notes
Turn   | Place    | Note
-------+----------+-------------------------------------------
     0 | D:1      | benadryl the Deep Elf Hunter began the quest for the Orb.
     0 | D:1      | Reached XP level 1. HP: 12/12 MP: 3/3
    65 | D:1      | Reached XP level 2. HP: 17/17 MP: 4/4
    89 | D:1      | Found a faded altar of an unknown god.
    98 | D:1      | Prayed at the altar of an unknown god.
    98 | D:1      | Became a worshipper of Jiyva Jamilid the Shapeless
    98 | D:1      | Reached * piety under Jiyva
   396 | D:1      | Reached skill level 6 in Bows
   506 | D:1      | Reached ** piety under Jiyva
  1131 | D:2      | Reached XP level 3. HP: 21/21 MP: 5/5
  1413 | D:3      | Found Miloluiw's Armour Emporium.
  1444 | D:3      | Noticed Ijyb
  1454 | D:4      | Noticed a scorpion
  1454 | D:4      | Reached *** piety under Jiyva
  1460 | D:4      | Killed a scorpion
  1461 | D:4      | Reached skill level 7 in Bows
  1461 | D:4      | Reached skill level 1 in Armour
  1461 | D:4      | Reached XP level 4. HP: 25/27 MP: 2/6
  1501 | D:3      | Killed Ijyb
  1502 | D:3      | Reached XP level 5. HP: 31/31 MP: 7/7
  1814 | D:3      | Noticed Robin
  1822 | D:3      | Killed Robin
  2211 | D:4      | Reached skill level 8 in Bows
  2211 | D:4      | Reached XP level 6. HP: 15/37 MP: 4/8
  2258 | D:4      | Noticed a sky beast
  2273 | D:4      | Killed a sky beast
  2531 | D:4      | Gained mutation: You are partially covered in iridescent
                  | scales. (AC +2) [Jiyva's grace]
  2531 | D:4      | Gained mutation: You are mostly covered in iridescent
                  | scales. (AC +4) [Jiyva's grace]
  2531 | D:4      | Gained mutation: You are completely covered in iridescent
                  | scales. (AC +6) [Jiyva's grace]
  2531 | D:4      | Gained mutation: You have a small jelly attached to you
                  | that senses nearby items. [Jiyva's grace]
  2764 | D:4      | Found an ancient bone altar of Kikubaaqudgha.
  2983 | D:5      | Entered Level 5 of the Dungeon
  3139 | D:5      | Reached skill level 9 in Bows
  3139 | D:5      | Reached XP level 7. HP: 41/41 MP: 9/9
  3369 | D:5      | Reached skill level 10 in Bows
  3486 | D:5      | Noticed a yak
  3487 | D:5      | Noticed a yak
  3489 | D:5      | Noticed a yak
  3490 | D:5      | Noticed a yak
  3491 | D:5      | Noticed a yak
  3505 | D:5      | Noticed a yak
  3509 | D:5      | Killed a yak
  3510 | D:5      | Reached XP level 8. HP: 46/48 MP: 7/10
  3520 | D:5      | Reached skill level 11 in Bows
  3535 | D:5      | Reached skill level 5 in Fighting
  3950 | D:6      | Reached skill level 12 in Bows
  4010 | D:6      | Reached XP level 9. HP: 43/54 MP: 11/11
  4020 | D:6      | Reached **** piety under Jiyva
  4172 | D:6      | Noticed Blork the orc
  4184 | D:6      | Killed Blork the orc
  4355 | D:6      | Reached skill level 5 in Armour
  4479 | D:6      | Reached skill level 13 in Bows
  4861 | D:7      | Killed from afar by a steam dragon

Illustrated notes

Levels and vault maps discovered:
D:1:      wander_arrival_fairy_ring, layout_basic, shapermc_ecumenical_altar_gd,
          grunt_decor_cap
D:2:      layout_basic
D:3:      layout_loops_cross, serial_shops, nicolae_shop_hallway_stairs,
          nicolae_elevator_lobby_plus, uniq_robin, uniq_ijyb
D:4:      layout_loops_cross, overflow_temple_1_default
D:5:      layout_basic
D:6:      layout_cave_pods, kennysheep_small_circle, uniq_blork_the_orc
D:7:      layout_loops_ring, minmay_temple_entry_waves, st_stairs_4,
          chequers_serial_rivers_large_b, kennysheep_dice

Skill      XL: |  1  2  3  4  5  6  7  8  9 |
---------------+----------------------------+-----
Bows           | 6 7 8 9 10 12 13 | 13.1
Fighting       | 2 3 4 5 |  5.7
Armour         | 1 2 3 4 5 |  5.1
Dodging        | |  2.4
Stealth        | |  1.2

Action                   |  1- 3 |  4- 6 |  7- 9 || total
-------------------------+-------+-------+-------++-------
Melee: Unarmed           |     5 |       |       ||     5
       Dagger            |       |    58 |    78 ||   136
 Fire: Shortbow          |    78 |    93 |   185 ||   356
Invok: Oozemancy         |     1 |     1 |     3 ||     5
Evoke: Wand              |       |       |     1 ||     1
  Use: Scroll            |       |     9 |     4 ||    13
       Potion            |       |       |     1 ||     1
Armor: Leather armour    |     3 |       |       ||     3
       Plate armour      |    21 |   158 |   234 ||   413
Dodge: Dodged            |    16 |    23 |    38 ||    77

Table legend: (Time is in decaauts)
 A = Elapsed time spent in this place.
 B = Non-inter-level travel time spent in this place.
 C = Inter-level travel time spent in this place.
 D = Time resting spent in this place.
 E = Time spent auto-exploring this place.
 F = Levels seen in this place.
 G = Mean time per level.
                   A        B        C        D        E       F      G
               +--------+--------+--------+--------+--------+-----+--------+
         Total |   5097 |   4828 |    269 |    328 |   3367 |   7 |  728.1 |
       Dungeon |   5097 |   4828 |    269 |    328 |   3367 |   7 |  728.1 |
               +--------+--------+--------+--------+--------+-----+--------+

Top non-repeatable levels by time:
     D:5: 984 daAuts
     D:4: 896 daAuts
     D:6: 896 daAuts
     D:2: 816 daAuts
     D:3: 771 daAuts
     D:1: 615 daAuts
     D:7: 116 daAuts
